 Dungeon Crawl Stone Soup version 0.31-a0-960-g0fca184906 (webtiles) character file.

Game seed: 5677592249872794873

154 Flugkiller the Trooper (level 5, -4/44 HPs)
             Began as a Formicid Cinder Acolyte on Oct 23, 2023.
             Was a High Priest of Ignis.
             Splashed by a jelly's acid (5 damage)
             ... on level 4 of the Dungeon.
             The game lasted 00:03:36 (2291 turns).

Flugkiller the Trooper (Formicid Cinder Acolyte)    Turns: 2291, Time: 00:03:36

Health: -4/44      AC: -1    Str: 21    XL:     5   Next: 63%
Magic:  1/6        EV: 11    Int: 13    God:    Ignis [*****.]
Gold:   112        SH:  0    Dex:  9    Spells: 4/6 levels left

rFire   + + +        a - -1 hand axe (flame)
rCold   x . .        (no shield)
rNeg    . . .        c - +1 leather armour
rPois   +            (helmet unavailable)
rElec   .            (no cloak)
rCorr   .            (no gloves)
SInv    +            (no boots)
Will    .....        g - amulet of regeneration
Stlth   +            l - ring of fire
HPRegen 1.07/turn    (no ring)
MPRegen 0.10/turn

%: no passive effects
@: corroded, fiery-armoured
A: permanent stasis, dig shafts and tunnels, antennae 3, four strong arms, claws
1, fire resistance 1, poison resistance, subdued magic 1
a: Dig, Shaft Self, Renounce Religion, Fiery Armour, Foxfire Swarm, Rising Flame


You were on level 4 of the Dungeon.
You worshipped Ignis.
Ignis was extremely pleased with you.
You visited 1 branch of the dungeon, and saw 4 of its levels.

You collected 112 gold pieces.

Inventory:

Hand Weapons
 a - a -1 hand axe of flaming (weapon)
Armour
 c - a +1 leather armour (worn)
   (You took it off Ijyb on level 3 of the Dungeon)
 e - a +0 scale mail
   (You found it on level 1 of the Dungeon)
 m - +0 fire dragon scales
   (You found it on level 2 of the Dungeon)
Jewellery
 g - an amulet of regeneration (around neck)
   (You found it on level 1 of the Dungeon)
 l - a ring of fire (left claw)
   (You found it on level 2 of the Dungeon)
Wands
 p - a wand of polymorph (13)
   (You took it off Ijyb on level 3 of the Dungeon)
Scrolls
 n - a scroll of vulnerability {unknown}
 r - a scroll of immolation {unknown}
 s - a scroll of identify {unknown}
Potions
 b - a potion of berserk rage {unknown}
 d - a potion of haste {unknown}
 f - a potion of brilliance {unknown}
 h - a potion of degeneration {unknown}
 o - a potion of mutation


   Skills:
 + Level 5.1 Fighting
 + Level 4.6 Axes
 - Level 1.1 Spellcasting
 - Level 3.0 Fire Magic


You had 4 spell levels left.
You knew the following spells:

 Your Spells              Type           Power      Damage    Failure   Level
a - Scorch                Fire           18%        2d5       12%         2

Your spell library contained the following spells:

 Spells                   Type           Power      Damage    Failure   Level
 Hailstorm                Conj/Ice       0%         3d3       63%         3
 Summon Ice Beast         Ice/Summ       0%         N/A       96%         4
 Simulacrum               Ice/Necr       0%         N/A       100%        6


Dungeon Overview and Level Annotations

Branches:
Dungeon (4/15) Zot: 21699
 Temple: D:4-7

Altars:
Sif Muna


Innate Abilities, Weirdness & Mutations

You cannot be hasted, slowed, berserked, paralysed or teleported.
You can dig through walls and to a lower floor.
You have a pair of large antennae on your head. (SInv)
Your four strong arms can wield two-handed weapons with a shield.
You have sharp fingernails.
Your flesh is heat resistant. (rF+)
Your system is resistant to poisons. (rPois)
Your spells are a little easier to cast, but a little less powerful.


Message History

You hit the iguana but do no damage.
The iguana is almost dead.
The iguana closely misses you.
You hit the iguana but do no damage.
The iguana is almost dead.
The iguana bites you!
You barely miss the iguana.
The iguana is almost dead.
The iguana bites you.
You hit the iguana. You burn the iguana.
You kill the iguana!
You start resting.
HP restored.
You start resting.
Magic restored.
There is an open door here.
You see here a blade talisman.
You open the door.
There is an open door here.
You open the door.
There is an open door here.
A jelly comes into view.
The jelly quivers.
Casting: Scorch (safe; 14% risk of failure)
Confirm with . or Enter, or press ? or * to list all spells.
You feel a surge of power!
You miscast Scorch.
You are very lightly contaminated with residual magic.
Nothing appears to happen.
The jelly attacks as it pursues you! The jelly hits you but does no damage.
Casting: Scorch (safe; 14% risk of failure)
Confirm with . or Enter, or press ? or * to list all spells.
You feel a surge of power!
Flames lash the jelly.
The jelly is heavily wounded.
The jelly's fire resistance burns away.
The jelly hits you but does no damage.
Casting: Scorch (safe; 14% risk of failure)
Confirm with . or Enter, or press ? or * to list all spells.
You feel a surge of power!
You miscast Scorch.
Nothing appears to happen.
The jelly hits you.
You are splashed with acid!
You hit the jelly but do no damage.
Your hands burn!
The jelly is moderately wounded.
The jelly barely misses you.
You hit the jelly. You burn the jelly.
Your hands burn!
The jelly is heavily wounded.
The jelly is no longer more vulnerable to fire.
The jelly hits you. The acid corrodes you!
You are splashed with acid.
Okay, then.
Okay, then.
It was a potion of curing.
You feel better.
q - 2 potions of curing;
c - a +0 leather armour (worn)
The jelly closely misses you.
As you read the scroll labelled PEGGAULERA, it crumbles to dust.
It is a scroll of enchant armour.
Your +0 leather armour glows green for a moment.
The jelly barely misses you.
As you read the scroll labelled QIQIESS FIRU, it crumbles to dust.
You feel a strange sense of stasis.
It was a scroll of teleportation.
The jelly hits you. The acid corrodes you!
You are splashed with acid!
Unknown command.
As you read the scroll labelled LOILLAJUDGH, it crumbles to dust.
You hear a loud clanging noise!
It was a scroll of noise.
You hear an angry hiss.
You hear a shout!
The jelly hits you. The acid corrodes you!
You are splashed with acid!
* * * LOW HITPOINT WARNING * * *
You feel better. The jelly hits you.
You are splashed with acid.
It was a potion of mutation.
You feel extremely strange.
You feel resistant to heat.
Your connection to magic feels subdued.
You feel resistant to poisons.
Your fingernails lengthen.
The jelly closely misses you.
You hit the jelly but do no damage.
Your claws burn!
* * * LOW HITPOINT WARNING * * *
The jelly is heavily wounded.
The jelly barely misses you.
You hit the jelly but do no damage. The acid corrodes you!
Your claws burn!
* * * LOW HITPOINT WARNING * * *
You claw the jelly, but do no damage.
The jelly is heavily wounded.
The jelly hits you.
* * * LOW HITPOINT WARNING * * *
You are splashed with acid!
* * * LOW HITPOINT WARNING * * *
Unknown command.
Unknown command.
Unknown command.
Unknown command.
Unknown command.
Unknown command.
A protective cloak of flame settles atop you.
The jelly misses you.
Your magical contamination has completely faded away.
You feel better. The jelly hits you.
* * * LOW HITPOINT WARNING * * *
You are splashed with acid!
* * * LOW HITPOINT WARNING * * *
The jelly is burned by your cloak of flames.
The jelly is almost dead.
You hit the jelly but do no damage. The acid corrodes you!
Your claws burn!
You die...

#.....# #.....# #.....#
###### #.....###
.....########....#
.....#......#....#
.....#......'....# .
.....#####.##....#####....
####....##.#....@J.....#
...#..%.'..#...........#
...#....#..+...........#
...'....#..#...........#
...#....#..#...........#{
..##....#..#...........#
###.....#..#######.....#
#.....#... +.....#
#.....#...


You could see a jelly.

Vanquished Creatures
  Ijyb (D:3)
  An iguana (D:4)
  4 adders
  2 orcs
  6 ball pythons
  9 bats
  7 endoplasms
  2 giant cockroaches (D:1)
  6 goblins
  8 hobgoblins
  A quokka (D:1)
  A frilled lizard (D:1)
  12 kobolds
  4 rats (D:1)
64 creatures vanquished.

Notes
Turn   | Place    | Note
-------+----------+-------------------------------------------
     0 | D:1      | Flugkiller the Formicid Cinder Acolyte began the quest for
                  | the Orb.
     0 | D:1      | Reached XP level 1. HP: 18/18 MP: 2/2
    40 | D:1      | Reached XP level 2. HP: 14/24 MP: 3/3
   207 | D:1      | HP: 1/25 [goblin/+0 club (3)]
   209 | D:1      | Reached XP level 3. HP: 1/30 MP: 4/4
   367 | D:1      | Found a faded altar of an unknown god.
   397 | D:1      | Reached skill level 4 in Fighting
   728 | D:2      | Reached XP level 4. HP: 37/37 MP: 5/5
   752 | D:2      | Learned a level 2 spell: Scorch
  1229 | D:3      | Noticed Ijyb
  1309 | D:3      | Killed Ijyb
  1310 | D:3      | Reached XP level 5. HP: 43/43 MP: 3/6
  1460 | D:3      | Found a shimmering blue altar of Sif Muna.
  1768 | D:3      | Reached skill level 5 in Fighting
  2286 | D:4      | Gained mutation: Your flesh is heat resistant. (rF+)
                  | [potion of mutation]
  2286 | D:4      | Gained mutation: Your spells are a little easier to cast,
                  | but a little less powerful. [potion of mutation]
  2286 | D:4      | Gained mutation: Your system is resistant to poisons.
                  | (rPois) [potion of mutation]
  2286 | D:4      | Gained mutation: You have sharp fingernails. [potion of
                  | mutation]
  2288 | D:4      | HP: 1/44 [acid (8)]
  2291 | D:4      | Splashed by a jelly's acid

Illustrated notes

Levels and vault maps discovered:
D:1:      dpeg_arrival_simpleton_c, layout_rooms,
          hellmonk_ecumenical_altar_heavens_door
D:2:      layout_rooms
D:3:      layout_basic, led_sif_pool, uniq_ijyb
D:4:      layout_gridville, st_stairs_1

Skill      XL: |  1  2  3  4  5 |
---------------+----------------+-----
Fighting       | 4 5 |  5.1
Axes           | 4 |  4.6
Spellcasting   | |  1.1
Fire Magic     | |  3.0

Action                     |  1- 3 |  4- 6 || total
---------------------------+-------+-------++-------
  Melee: Hand axe          |   112 |    81 ||   193
         Punch             |     2 |     1 ||     3
         Unarmed           |       |    24 ||    24
   Cast: Scorch            |       |    17 ||    17
 Invoke: Fiery Armour      |     1 |     1 ||     2
    Use: Potion            |       |     4 ||     4
         Scroll            |       |     3 ||     3
 Armour: Robe              |    75 |     6 ||    81
         Scale mail        |       |    37 ||    37
         Skin              |       |    14 ||    14
         Leather armour    |       |    18 ||    18
  Dodge: Dodged            |    94 |    54 ||   148

Table legend: (Time is in decaauts)
 A = Elapsed time spent in this place.
 B = Non-inter-level travel time spent in this place.
 C = Inter-level travel time spent in this place.
 D = Time resting spent in this place.
 E = Time spent auto-exploring this place.
 F = Levels seen in this place.
 G = Mean time per level.
                   A        B        C        D        E       F      G
               +--------+--------+--------+--------+--------+-----+--------+
         Total |   2300 |   2192 |    108 |    322 |   1264 |   4 |  575.0 |
       Dungeon |   2300 |   2192 |    108 |    322 |   1264 |   4 |  575.0 |
               +--------+--------+--------+--------+--------+-----+--------+

Top non-repeatable levels by time:
     D:3: 992 daAuts
     D:1: 690 daAuts
     D:2: 452 daAuts
     D:4: 164 daAuts
